Map: Lightshade LE

Players

RustyShacky - Winner!

  • Race: Terran Terran
  • League: Gold

A.I. 1 (Very Easy)

  • Race: Protoss Protoss

VOD

Have the link to the VOD?

Description

Time

  • Played on: Sept. 5, 2021, 6:15 p.m.
  • Length: 5:45
Show
View Real Time Build Order
Export as new Build Order

RustyShacky Terran - Winner!

Build Orders:  

Get SALT Encoding   

  12  0:00  SCV  
  13  0:12  SCV  
  14  0:17  Supply Depot  
  14  0:24  SCV  
  15  0:38  SCV  
  15  0:40  Barracks  
  16  0:47  Refinery  
  16  0:50  SCV  
  17  1:02  SCV  
  18  1:14  SCV  
  19  1:27  Marine, Orbital Command  
  20  1:40  Command Center  
  20  1:48  Barracks Reactor  
  20  1:53  SCV  
  21  1:56  Supply Depot  
  21  2:05  SCV  
  22  2:10  Factory  
  22  2:17  SCV  
  22  2:19  Refinery  
  23  2:27  Bunker  
  23  2:28  Marine  
  25  2:30  SCV  
  25  2:31  Marine  
  26  2:42  SCV  
  27  2:46  Marine  
  27  2:49  Marine  
  29  2:52  Orbital Command  
  29  2:54  SCV  
  30  3:02  Factory Reactor  
  30  3:06  SCV  
  30  3:08  Starport  
  30  3:10  Marine  
  30  3:11  Marine  
  33  3:18  SCV  
  34  3:20  SCV  
  35  3:28  Marine  
  35  3:29  Marine  
  35  3:30  SCV  
  38  3:34  Supply Depot  
  38  3:35  SCV  
  39  3:47  SCV x2  
  39  3:48  Marine x2  
  42  3:50  Factory Tech Lab  
  42  3:53  Medivac  
  45  3:55  Medivac  
  45  3:56  Supply Depot  
  45  3:59  SCV x2  
  49  4:07  Barracks  
  49  4:09  Marine x2  
  51  4:11  SCV x2  
  53  4:18  Siege Tank  
  53  4:23  Supply Depot  
  56  4:25  SCV x2  
  58  4:37  Marine x2, Starport Tech Lab  
  60  4:47  Supply Depot  
  60  4:49  SCV x2  
  62  4:59  Siege Tank  
  65  5:00  Marine x2  
  65  5:03  Barracks  
  65  5:04  Barracks  
  65  5:05  Barracks  
  67  5:09  Command Center  
  67  5:10  SCV x2  
  69  5:17  Refinery  
  69  5:19  Refinery  
  75  5:38  Engineering Bay  
  75  5:39  Engineering Bay  
  77  5:44  Supply Depot  
Show
View Real Time Build Order
Export as new Build Order

A.I. 1 (Very Easy) Protoss 

Build Orders:  

Get SALT Encoding   

  12  0:00  Probe  
  13  0:13  Probe  
  14  0:19  Pylon  
  14  0:36  Assimilator  
  14  0:43  Gateway  
  14  0:46  Pylon  
  14  1:15  Assimilator  
  14  1:24  Probe  
  14  1:29  Zealot  
  14  1:32  Probe, Cybernetics Core  
  18  1:40  Probe  
  19  1:50  Probe  
  20  1:58  Warp Gate  
  20  2:00  Probe  
  20  2:08  Probe  
  22  2:41  Stalker  
  24  5:18  Stalker  
  24  5:21  Pylon  
  24  5:27  Probe  
Tags
 
Add a new tag
Caveats
  • Supply blocks, unpowered buildings, or Contaminate may cause inaccurate times.
  • Supply counts are checked every 10 seconds.